Map: Traitor's Exile

Players

kirill

  • Race: Protoss Protoss
  • Spawn Location: 5:00

fabregas

  • Race: Protoss Protoss
  • Spawn Location: 6:00

zMk - Winner!

  • Race: Zerg Zerg
  • League: Master
  • Spawn Location: 12:00

ILIEKEGGPIE - Winner!

  • Race: Zerg Zerg
  • League: Platinum
  • Spawn Location: 9:00

VOD

Have the link to the VOD?

Description

Time

  • Played on: June 10, 2018, 7:56 p.m.
  • Length: 16:18
Show
View Real Time Build Order
Export as new Build Order

kirill Protoss 

Build Orders:  

Get SALT Encoding   

  12  0:10  Probe  
  12  0:11  Pylon  
  12  0:18  Probe  
  14  0:36  Forge  
  14  0:38  Probe  
  15  0:50  Probe  
  15  0:52  Pylon  
  16  1:03  Probe  
  17  1:12  Photon Cannon  
  17  1:15  Probe  
  17  1:41  Photon Cannon  
  17  1:47  Probe  
  17  1:51  Nexus  
  18  1:55  Probe  
  18  2:00  Pylon  
  19  2:04  Probe  
  20  2:19  Gateway  
  20  2:28  Pylon  
  20  2:38  Photon Cannon  
  20  2:48  Photon Cannon  
  20  2:56  Probe  
  20  2:58  Assimilator  
  21  3:02  Assimilator  
  21  3:08  Probe x2  
  23  3:16  Probe  
  23  3:20  Probe  
  23  3:26  Cybernetics Core, Probe  
  25  3:30  Zealot  
  25  3:32  Probe  
  29  3:36  Assimilator  
  29  3:38  Probe  
  30  3:42  Assimilator  
  30  3:44  Probe  
  31  3:50  Probe  
  31  3:52  Probe  
  32  3:59  Probe  
  32  4:00  Probe  
  33  4:08  Probe  
  34  4:11  Probe  
  34  4:16  Probe  
  36  4:22  Stalker  
  36  4:23  Probe  
  40  4:28  Pylon  
  40  4:29  Probe  
  41  4:35  Stargate  
  41  4:37  Stargate  
  41  4:41  Probe  
  42  4:53  Shield Battery, Probe  
  42  4:59  Shield Battery  
  43  5:04  Photon Cannon  
  43  5:06  Pylon  
  43  5:11  Probe  
  43  5:17  Void Ray  
  43  5:19  Probe  
  44  5:22  Void Ray  
  44  5:24  Photon Cannon  
  49  5:29  Probe  
  49  5:31  Protoss Air Weapons Level 1  
  54  5:41  Probe  
  55  5:53  Probe  
  56  5:59  Stargate  
  56  6:17  Void Ray  
  56  6:18  Void Ray  
  60  6:46  Void Ray  
  64  6:52  Void Ray  
  68  7:13  Pylon  
  68  7:15  Pylon  
  68  7:16  Probe  
  68  7:19  Pylon  
  68  7:22  Void Ray  
  69  7:24  Probe  
  69  7:25  Protoss Air Armor Level 1  
  70  7:30  Void Ray  
  70  7:33  Robotics Facility  
  70  7:34  Probe  
  79  7:39  Void Ray  
  83  7:46  Probe  
  83  7:47  Protoss Shields Level 1  
  84  7:58  Probe  
  85  8:16  Oracle  
  88  8:20  Warp Prism  
  74  9:38  Phoenix x3  
  57  10:07  Phoenix x3  
  63  10:21  Photon Cannon  
  63  10:23  Nexus  
  63  10:24  Photon Cannon  
  63  10:26  Assimilator  
  63  10:30  Assimilator  
  63  10:33  Pylon  
  63  10:35  Photon Cannon  
  63  10:36  Shield Battery  
  63  10:38  Shield Battery  
  63  10:42  Shield Battery  
  63  10:44  Phoenix x3  
  69  10:53  Fleet Beacon  
  69  10:56  Photon Cannon  
  69  10:59  Photon Cannon  
  69  11:02  Shield Battery, Photon Cannon  
  69  11:04  Probe  
  69  11:08  Shield Battery  
  70  11:12  Probe  
  71  11:20  Phoenix x3  
  77  11:34  Pylon  
  77  11:42  Pylon  
  59  12:16  Stargate  
  59  12:18  Stargate  
  59  12:19  Probe  
  59  12:20  Stargate  
  59  12:26  Tempest x3  
  59  12:27  Probe  
  79  12:37  Probe  
  80  12:49  Probe  
  81  13:01  Probe  
  81  13:03  Tempest  
  81  13:04  Tempest x2  
  100  13:12  Tempest  
  100  13:13  Tempest x2  
  118  13:50  Tempest  
  118  13:51  Tempest  
  130  14:00  Pylon  
  130  14:02  Pylon  
  126  14:03  Pylon  
  124  14:17  Tempest  
  124  14:18  Tempest  
  124  14:19  Tempest x2  
  124  14:23  Pylon  
  148  14:27  Pylon  
  148  14:31  Pylon  
  148  14:33  Tempest  
  148  14:34  Pylon  
  148  14:36  Pylon  
  131  15:18  Probe  
  131  15:26  Probe  
  133  15:36  Probe  
  134  15:45  Pylon  
  134  15:47  Pylon  
  134  15:48  Pylon  
  134  15:49  Probe  
  153  15:50  Pylon  
Show
View Real Time Build Order
Export as new Build Order

fabregas Protoss 

Build Orders: Dark Templar Rush 

Get SALT Encoding   

  12  0:08  Pylon  
  12  0:13  Probe  
  13  0:27  Gateway  
  13  0:28  Probe  
  14  0:36  Probe  
  15  0:46  Probe  
  15  0:48  Assimilator  
  16  0:53  Assimilator  
  16  0:58  Probe  
  17  1:09  Probe  
  18  1:14  Cybernetics Core  
  18  1:17  Probe  
  18  1:25  Probe  
  20  1:36  Probe  
  20  1:39  Pylon  
  21  1:43  Warp Gate  
  21  1:51  Twilight Council  
  21  1:59  Pylon  
  21  2:05  Pylon  
  21  2:20  Forge  
  21  2:29  Dark Shrine  
  21  2:37  Gateway  
  21  2:51  Gateway  
  21  3:02  Photon Cannon  
  21  3:12  Photon Cannon  
  21  3:24  Photon Cannon  
  21  3:45  Dark Templar x2  
  21  3:48  Dark Templar  
  27  4:05  Probe  
  28  4:59  Dark Templar x3  
  28  5:08  Photon Cannon  
  28  5:18  Nexus  
  28  5:21  Pylon  
  28  5:29  Probe  
  23  5:37  Stalker x3  
  28  6:08  Stalker x3  
  32  6:36  Stalker x3  
  24  7:09  Stalker x3  
  24  7:13  Probe  
  23  7:37  Dark Templar x3  
  29  7:52  Nexus  
  29  7:57  Pylon  
  29  8:23  Photon Cannon  
  29  8:25  Photon Cannon  
  29  8:32  Photon Cannon  
  29  8:37  Assimilator  
  29  8:47  Stalker  
  31  9:13  Dark Templar  
  31  9:14  Dark Templar x2  
  35  9:43  Photon Cannon  
  35  9:46  Photon Cannon  
  35  9:51  Photon Cannon  
  35  10:21  Stalker x2  
  37  10:26  Stalker  
  41  10:31  Probe  
  42  10:40  Probe  
  43  10:50  Probe  
  44  10:58  Probe  
  44  11:00  Assimilator  
  45  11:06  Probe  
  46  11:16  Probe  
  46  11:17  Templar Archives  
  40  11:28  Archon x2, Probe  
  40  11:29  Archon  
  37  11:48  Pylon  
  37  11:53  Probe  
  31  11:55  Photon Cannon  
  20  12:01  Probe  
  21  12:10  Dark Templar x2  
  21  12:11  Probe  
  17  12:34  Stalker  
  19  12:42  Stalker  
  21  13:26  Dark Templar x3  
Show
View Real Time Build Order
Export as new Build Order

zMk Zerg - Winner!

Build Orders: Hatch First 

Get SALT Encoding   

  12  0:05  Drone  
  13  0:14  Overlord  
  13  0:18  Drone  
  14  0:32  Drone x2  
  16  0:37  Drone  
  17  0:57  Hatchery, Drone  
  16  1:02  Drone  
  18  1:17  Extractor  
  17  1:20  Spawning Pool, Drone  
  17  1:23  Drone  
  18  1:33  Drone  
  19  1:44  Overlord  
  20  1:54  Drone  
  20  2:03  Drone  
  20  2:07  Queen  
  23  2:09  Queen  
  23  2:10  Zergling x2  
  23  2:14  Drone  
  27  2:23  Metabolic Boost  
  27  2:25  Zergling x2  
  28  2:35  Drone x2  
  30  2:48  Queen  
  32  2:56  Overlord  
  32  2:58  Drone x4  
  36  3:14  Drone x2, Queen  
  36  3:16  Drone  
  36  3:17  Baneling Nest  
  40  3:25  Evolution Chamber, Drone  
  40  3:29  Evolution Chamber  
  40  3:31  Drone x2  
  41  3:42  Overlord  
  41  3:44  Drone x2  
  41  3:45  Drone  
  44  3:55  Extractor  
  44  3:59  Drone  
  44  4:01  Zerg Ground Armor Level 1  
  44  4:02  Drone x2  
  46  4:03  Overlord  
  46  4:05  Drone x2  
  46  4:06  Drone  
  49  4:11  Spore Crawler  
  49  4:13  Spore Crawler  
  49  4:15  Baneling  
  47  4:20  Lair  
  47  4:23  Zergling x4  
  47  4:24  Zergling x2  
  50  4:35  Baneling x3  
  50  4:37  Drone x4  
  50  4:38  Drone x2  
  56  4:43  Extractor  
  53  5:01  Overlord x2  
  53  5:04  Zerg Melee Weapons Level 1  
  53  5:10  Hatchery  
  52  5:15  Drone  
  52  5:16  Drone, Extractor  
  52  5:17  Drone  
  54  5:23  Spire  
  53  5:37  Overseer  
  53  5:40  Zergling x2  
  53  5:41  Zergling x16  
  62  5:54  Zerg Ground Armor Level 2  
  62  5:58  Overlord  
  62  5:59  Overlord  
  62  6:00  Drone  
  62  6:01  Drone x2  
  65  6:05  Drone x2  
  65  6:06  Drone  
  68  6:11  Overlord  
  68  6:20  Drone x2  
  69  6:35  Drone  
  69  6:36  Drone x8  
  76  6:42  Zerg Flyer Weapons Level 1  
  76  6:49  Extractor  
  76  6:51  Drone x3  
  76  6:52  Drone, Extractor  
  76  6:53  Drone x2  
  77  7:06  Zergling x2  
  77  7:07  Zergling x14  
  82  7:21  Zerg Melee Weapons Level 2  
  82  7:22  Overlord x2  
  82  7:27  Infestation Pit  
  80  7:49  Queen  
  80  7:50  Drone  
  83  7:55  Mutalisk  
  83  7:56  Mutalisk x9  
  103  7:59  Overseer  
  103  8:01  Overlord x3  
  103  8:02  Zergling x2  
  103  8:03  Zergling x6  
  107  8:05  Hive  
  107  8:10  Hatchery, Zergling x2  
  107  8:27  Mutalisk  
  107  8:28  Mutalisk x2  
  113  8:41  Mutalisk x2  
  106  9:01  Mutalisk x2  
  106  9:02  Mutalisk x2  
  108  9:10  Mutalisk  
  109  9:18  Spore Crawler  
  109  9:19  Spore Crawler  
  109  9:20  Spore Crawler  
  109  9:21  Spore Crawler x2  
  88  9:32  Queen  
  88  9:34  Mutalisk  
  88  9:35  Mutalisk x2  
  88  9:51  Hatchery  
  85  10:09  Zerg Flyer Weapons Level 2  
  85  10:10  Mutalisk x2  
  89  10:16  Drone x3  
  89  10:17  Drone x2  
  89  10:18  Drone x5  
  99  10:22  Hatchery  
  98  10:31  Zerg Ground Armor Level 3, Extractor  
  98  10:33  Zergling x6  
  100  10:35  Queen  
  100  10:41  Zergling x2  
  103  10:47  Adrenal Glands  
  103  10:51  Zergling x4  
  105  10:58  Hatchery  
  105  11:00  Hatchery  
  103  11:12  Zergling x2  
  103  11:13  Zergling x10  
  95  11:54  Zergling x14  
  90  12:02  Zergling x8  
  90  12:06  Queen, Zerg Melee Weapons Level 3  
  96  12:14  Zergling x2  
  96  12:15  Zergling x14  
  104  12:20  Queen  
  106  12:25  Zergling x10  
  111  12:36  Drone x3, Extractor x2  
  112  12:37  Drone x2  
  112  12:38  Drone  
  112  12:39  Zergling x10  
  120  12:48  Overlord x2  
  120  12:49  Zergling x2  
  120  12:50  Zergling x10  
  126  12:59  Overlord  
  126  13:03  Zerg Flyer Weapons Level 3  
  126  13:04  Zergling x12  
  132  13:11  Overlord x5  
  132  13:12  Ultralisk Cavern  
  131  13:16  Zergling x12  
  131  13:17  Zergling x4  
  139  13:25  Zergling x2  
  139  13:26  Zergling x12  
  132  13:43  Zergling x26  
  138  13:52  Zergling x8  
  138  13:53  Zergling x4  
  138  14:17  Chitinous Plating  
  138  14:19  Overlord  
  138  14:20  Overlord x4  
  89  15:09  Corruptor  
  89  15:10  Corruptor x22  
  124  15:23  Corruptor x2  
  128  16:00  Hatchery  
Show
View Real Time Build Order
Export as new Build Order

ILIEKEGGPIE Zerg - Winner!

Build Orders: Pool First 

Get SALT Encoding   

  12  0:01  Drone  
  13  0:13  Overlord  
  13  0:20  Drone  
  14  0:34  Drone  
  15  0:51  Drone  
  16  1:06  Drone x3  
  16  1:07  Spawning Pool  
  19  1:18  Drone  
  19  1:36  Extractor  
  18  1:41  Hatchery  
  18  1:44  Drone x2  
  19  1:55  Drone  
  20  2:07  Overlord  
  20  2:24  Drone  
  20  2:29  Zergling x2  
  22  2:42  Drone  
  22  2:44  Queen, Extractor  
  25  2:51  Drone  
  25  2:53  Queen  
  27  2:59  Roach Warren  
  27  3:03  Drone x2  
  28  3:11  Drone x2  
  30  3:18  Drone  
  31  3:23  Lair  
  31  3:25  Drone x2  
  33  3:33  Queen  
  35  3:39  Drone  
  35  3:41  Overlord  
  36  3:50  Overlord  
  36  4:10  Spore Crawler, Roach  
  36  4:11  Roach x7  
  36  4:14  Spore Crawler  
  50  4:20  Spore Crawler  
  47  4:35  Overseer  
  47  4:43  Roach  
  47  4:44  Roach  
  51  5:29  Hatchery  
  47  6:24  Overlord x2  
  47  6:32  Drone  
  34  6:48  Extractor  
  34  6:49  Extractor  
  34  6:51  Lair  
  28  7:13  Drone x3  
  31  7:17  Drone x2  
  31  7:21  Drone x4  
  37  7:24  Metabolic Boost  
  37  7:37  Roach  
  37  7:38  Roach x3  
  45  7:46  Drone x3  
  48  7:55  Drone x2  
  50  8:05  Drone  
  50  8:06  Drone  
  50  8:07  Drone x2  
  50  8:09  Glial Reconstitution  
  54  8:15  Evolution Chamber, Drone x2  
  54  8:16  Evolution Chamber  
  54  8:20  Hatchery  
  53  8:31  Drone  
  53  8:34  Overlord x2  
  54  8:44  Hydralisk Den  
  53  8:50  Queen  
  53  8:51  Queen  
  57  9:04  Zerg Missile Weapons Level 1  
  57  9:05  Zerg Ground Armor Level 1  
  57  9:09  Drone x2  
  59  9:10  Drone  
  59  9:14  Spore Crawler x2  
  59  9:16  Hydralisk x8  
  59  9:17  Hydralisk  
  62  9:19  Spore Crawler  
  62  9:22  Drone  
  76  9:27  Spore Crawler  
  75  9:32  Spore Crawler  
  74  9:39  Grooved Spines  
  74  9:41  Hydralisk x2  
  74  9:42  Roach x2  
  74  9:43  Overlord x2  
  82  9:48  Spore Crawler  
  81  9:59  Drone  
  74  10:10  Overseer  
  74  10:15  Hydralisk  
  74  10:16  Roach x4, Hydralisk x3  
  74  10:18  Drone x2  
  92  10:32  Queen x2  
  92  10:35  Pneumatized Carapace  
  96  10:42  Drone x2  
  98  10:43  Overlord  
  98  11:00  Zerg Ground Armor Level 2, Zerg Missile Weapons Level 2  
  98  11:18  Queen  
  98  11:20  Drone x3  
  98  11:24  Extractor  
  102  11:25  Extractor  
  102  11:28  Drone  
  102  11:29  Drone x4  
  102  11:30  Overlord x3  
  106  11:37  Muscular Augments  
  96  12:16  Hydralisk x2  
  96  12:17  Roach, Hydralisk x4  
  96  12:18  Overlord x2  
  110  12:34  Roach x2  
  110  12:44  Hatchery  
  110  12:53  Hatchery  
  110  13:18  Burrow  
  107  13:25  Infestation Pit  
  107  13:26  Roach  
  110  13:27  Roach x17  
  110  13:28  Roach x2  
  146  13:50  Hatchery  
  145  14:22  Overlord x3  
  145  14:26  Hive  
  145  15:09  Overseer  
  145  15:26  Overseer  
  145  15:45  Hydralisk  
  145  15:46  Hydralisk x14  
  145  15:48  Overlord  
Tags
 
Add a new tag
Caveats
  • Supply blocks, unpowered buildings, or Contaminate may cause inaccurate times.
  • Supply counts are checked every 10 seconds.